 Dungeon Crawl Stone Soup version 0.24-a0-445-gd5110b030a (webtiles) character file.

Game seed: 15147130896468322815

37067 Azzok the Crack Shot (level 13, -11/113 HPs)
             Began as a Centaur Berserker on June 22, 2019.
             Was a High Priest of Trog.
             Mangled by a small abomination (14 damage)
             ... in a Gauntlet.
             The game lasted 00:27:55 (18859 turns).

Azzok the Crack Shot (Centaur Berserker)           Turns: 18859, Time: 00:27:56

Health: -11/113    AC: 19    Str: 25    XL:     13   Next: 56%
Magic:  14/14      EV:  6    Int:  9    God:    Trog [*****.]
Gold:   551        SH:  0    Dex:  9    Spells: 12/12 levels left

rFire    + . .     SeeInvis +   a - +8 glaive of the Guard {elec, +Rage AC+5 SInv}
rCold    + . .     Gourm    .   (shield currently unavailable)
rNeg     + . .     Faith    .   Q - +2 chain mail {rF+}
rPois    +         Spirit   .   S - +0 hat {Int+3}
rElec    +         Reflect  .   (no cloak)
rCorr    .         Harm     .   C - +2 pair of gloves {archery}
MR       +++..     NoTele   +   (no barding)
Stlth    ..........             D - amulet of regeneration
HPRegen  1.68/turn              R - ring "Xudo" {rElec rC+ rN+ MR+ Stlth+}
MPRegen  0.14/turn              h - ring of poison resistance

@: berserk cooldown, regenerating, slowed
A: large, hooves 3, deformed body, speed 2, tough skin 3
a: Berserk, Trog's Hand, Brothers in Arms, Renounce Religion, Evoke Berserk Rage


You were in a Gauntlet.
You worshipped Trog.
Trog was extremely pleased with you.
You were very hungry.

You visited 2 branches of the dungeon, and saw 15 of its levels.
You also visited: Bailey and Gauntlet.

You collected 1143 gold pieces.
You spent 592 gold pieces at shops.

Inventory:

Hand Weapons
 a - the +8 glaive of the Guard (weapon) {elec, +Rage AC+5 SInv}
   (You found it on level 10 of the Dungeon)

   Occasionally, upon striking a foe, it will discharge some electrical energy
   and cause terrible harm.
   It affects your AC (+5).
   It lets you see invisible.
   It lets you go berserk.
 b - a +1 longbow
Missiles
 f - 229 arrows
Armour
 C - a +2 pair of gloves of archery (worn)
 Q - a +2 chain mail of fire resistance (worn)
 S - a +0 hat of intelligence (worn)
Jewellery
 h - a ring of poison resistance (right hand)
 j - an uncursed ring of positive energy
 t - an uncursed ring of protection from magic
 D - an amulet of regeneration (around neck)
 J - a +3 amulet of reflection
 R - the ring "Xudo" (left hand) {rElec rC+ rN+ MR+ Stlth+}
   (You bought it in a shop on level 7 of the Dungeon)

   [ring of positive energy]

   It protects you from cold.
   It insulates you from electricity.
   It protects you from negative energy.
   It affects your resistance to hostile enchantments.
   It makes you more stealthy.
Wands
 w - a wand of polymorph (9)
 z - a wand of digging (4)
 G - a wand of iceblast (5)
 I - a wand of disintegration (12)
Scrolls
 d - 2 scrolls of acquirement
 g - 11 scrolls of teleportation
 k - 5 scrolls of enchant armour
 m - a scroll of magic mapping
 p - a scroll of identify
 u - 5 scrolls of enchant weapon
 v - a scroll of blinking
 E - 8 scrolls of remove curse
 F - a scroll of fog {unknown}
 K - 2 scrolls of fear {unknown}
 M - a scroll of noise {unknown}
 N - a scroll of summoning {unknown}
 P - 2 scrolls of vulnerability {unknown}
Potions
 e - 9 potions of curing
 l - 3 potions of brilliance {unknown}
 n - 2 potions of lignification {unknown}
 o - 5 potions of might
 q - 3 potions of agility
 r - 3 potions of cancellation
 s - 3 potions of invisibility
 A - 4 potions of heal wounds
 B - 3 potions of haste
 H - a potion of resistance
 L - 2 potions of mutation {!q}
 O - 3 potions of flight
Miscellaneous
 i - a lamp of fire
 x - a sack of spiders
 y - a box of beasts
Comestibles
 c - 25 rations


   Skills:
 - Level 10.0 Fighting
   Level 2.6 Long Blades
 - Level 21.3 Bows
 + Level 6.5 Armour
 - Level 1.3 Dodging
 + Level 2.5 Evocations


You had 12 spell levels left.
You didn't know any spells.
Your spell library contained the following spells:

 Spells                   Type           Power        Failure   Level  Hunger
 Confusing Touch          Hex            #.....       94%         1    ##.....
 Flame Tongue             Conj/Fire      #....        94%         1    ##.....
 Infusion                 Chrm           #...         94%         1    ##.....
 Passwall                 Tmut/Erth      #.......     98%         2    ###....
 Shroud of Golubria       Chrm/Tloc      #.....       98%         2    ###....
 Song of Slaying          Chrm           #.......     98%         2    ###....
 Throw Flame              Conj/Fire      #.....       98%         2    ###....
 Conjure Flame            Conj/Fire      #.......     100%        3    ####...
 Ignite Poison            Fire/Tmut/Pois #.......     100%        3    ####...
 Inner Flame              Hex/Fire       #.......     100%        3    ####...
 Regeneration             Chrm/Necr      #.........   100%        3    ####...
 Spectral Weapon          Hex/Chrm       #.......     100%        3    ####...
 Tukima's Dance           Hex            #.......     100%        3    ####...
 Sticky Flame             Conj/Fire      #.......     100%        4    #####..
 Fireball                 Conj/Fire      #.........   100%        5    ######.
 Silence                  Hex/Air        #.........   100%        5    ######.
 Invisibility             Hex            #.......     100%        6    #######
 Statue Form              Tmut/Erth      #........    100%        6    #######


Dungeon Overview and Level Annotations

Branches:
Dungeon (11/15)            Temple (0/1) D:5            Lair (4/6) D:9
 Shoals (0/4) Lair:3       Spider (0/4) Lair:3          Orc (0/2) D:9

Altars:
Ashenzari
Elyvilon
Fedhas
Gozag
Hepliaklqana
Nemelex Xobeh
Okawaru
Ru
Trog
Uskayaw
Vehumet
Wu Jian
Yredelemnul
The Shining One
Beogh

Shops:
D:7 =

Annotations:
Gauntlet 7 transporters, 1 runed translucent door


Innate Abilities, Weirdness & Mutations

You have hooves in place of feet.
Armour fits poorly on your strangely shaped body.
You cover ground very quickly.
You have extremely tough skin. (AC +3)


Message History

The small abomination hits you!
* * * LOW HITPOINT WARNING * * *
The small abomination hits you!
* * * LOW HITPOINT WARNING * * *
You barely miss the thrashing horror.
You kick the thrashing horror, but do no damage.
The thrashing horror is heavily damaged.
The thrashing horror tramples you.
* * * LOW HITPOINT WARNING * * *
You hold your ground!
The thrashing horror closely misses you.
The thrashing horror tramples you but does no damage. x2
The small abomination hits you but does no damage.
The thrashing horror tramples you.
* * * LOW HITPOINT WARNING * * *
You hold your ground!
The thrashing horror tramples you but does no damage.
The small abomination closely misses you.
The small abomination hits you!
You die...

▒▒▒▒▒▒▒▒▒▒··▒▒▒▒▒▒▒▒▒▒▒··▒©···▒
·········▒··▒···▒·····▒··▒····▒
··▒▒·▒▒··▒··▒··▒··▒▒··▒··▒▒▒··▒
·▒··▒··▒·▒··▒··▒▒··▒·!▒··≈▒ ···
·▒··▒··▒·▒▒▒▒··▒··▒▒·}▒··▒▒ ·▒
··▒▒▒▒▒·©▒©©▒··▒▒©·▒·©▒··≈▒
·▒·©▒··▒·▒▒▒▒··▒··▒▒·[▒··▒▒
·▒··▒··▒·▒··▒··▒▒x·▒··▒·§§▒
··▒▒·▒▒··▒··▒·x▒@·▒▒··▒··▒▒
·········▒··▒·xX▒·((··▒··≈▒
▒▒▒▒▒▒▒▒▒▒··▒▒▒▒▒▒▒▒▒▒▒··▒▒
················§········§▒
·········§§·····§······§·▒▒
▒≈▒≈▒≈▒≈▒§▒≈▒≈▒≈▒§▒§▒§▒≈▒▒
▒▒▒▒▒▒▒▒▒▒▒▒▒▒▒▒▒▒▒▒▒▒▒▒▒


You could see a thrashing horror and 3 small abominations.

Vanquished Creatures
  A death ooze (Gauntlet)
  Harold (Lair:1)
  2 hydras
  A two-headed ogre (D:10)
  Urug (D:11)
  A thrashing horror (Gauntlet)
  2 deep trolls (D:10)
  2 unseen horrors
  An orc knight (Bailey)
  An ugly thing (D:11)
  An oklob plant (Lair:1)
  A manticore (D:11)
  A cyclops (D:11)
  2 black mambas
  2 spiny frogs
  A rime drake (Lair:3)
  2 jumping spiders (Lair:3)
  A troll (D:11)
  2 hippogriffs
  Grum (Lair:1)
  6 redbacks (Lair:3)
  2 wyverns
  A basilisk (shapeshifter) (Gauntlet)
  8 yaks
  A hungry ghost (D:10)
  6 basilisks
  A steam dragon (D:10)
  A water moccasin (D:8)
  2 porcupines (Lair:3)
  2 black bears (D:9)
  7 orc warriors
  A sky beast (D:9)
  4 ice beasts
  An eye of draining (D:10)
  A phantom (D:11)
  8 ogres
  A necrophage (D:8)
  A small abomination (Gauntlet)
  7 centaurs
  7 wolves
  3 crocodiles
  3 big kobolds (D:10)
  11 bullfrogs
  A wyvern skeleton (D:10)
  A scorpion (D:9)
  14 wights
  2 electric eels (Lair:1)
  2 centaur zombies
  A bullfrog zombie (D:11)
  A crimson imp (D:8)
  7 hounds
  5 jellies
  6 orc priests
  A centaur skeleton (D:5)
  4 orc wizards
  4 bullfrog skeletons
  8 iguanas
  7 worker ants
  A hound zombie (D:5)
  A hound skeleton (D:7)
  12 adders
  24 gnolls
  2 howler monkey skeletons
  9 oozes
  2 adder zombies
  3 adder skeletons
  5 worms
  3 dart slugs
  5 leopard geckos
  38 orcs
  4 giant cockroaches
  8 goblins
  13 hobgoblins
  9 jackals
  17 kobolds
  8 quokkas
  A ball python skeleton (D:4)
  5 bats
  5 frilled lizards
  A jackal skeleton (D:8)
  A jackal zombie (D:5)
  A leopard gecko skeleton (D:4)
  2 quokka zombies
  5 rats
  2 plants (Lair:1)
363 creatures vanquished.

Vanquished Creatures (others)
  3 fungi (Lair:3)
3 creatures vanquished.

Grand Total: 366 creatures vanquished

Notes
Turn   | Place    | Note
-------+----------+-------------------------------------------
     0 | D:1      | Azzok the Centaur Berserker began the quest for the Orb.
     0 | D:1      | Reached XP level 1. HP: 19/19 MP: 1/1
   200 | D:1      | Reached XP level 2. HP: 26/26 MP: 2/2
   455 | D:1      | Reached XP level 3. HP: 33/33 MP: 3/3
   549 | D:1      | Found a sacrificial altar of Ru.
   791 | D:2      | Reached ** piety under Trog
  1156 | D:2      | Reached skill level 5 in Fighting
  1156 | D:2      | Reached XP level 4. HP: 39/42 MP: 4/4
  1618 | D:3      | Noticed an orc warrior
  1774 | D:2      | Killed an orc warrior
  1774 | D:2      | Reached XP level 5. HP: 44/50 MP: 5/5
  2563 | D:3      | Reached *** piety under Trog
  2879 | D:4      | Reached XP level 6. HP: 50/58 MP: 6/6
  2923 | D:4      | Found an ornate altar of the Wu Jian Council.
  2992 | D:4      | Found a white marble altar of Elyvilon.
  3629 | D:5      | Entered Level 5 of the Dungeon
  3663 | D:5      | Found a staircase to the Ecumenical Temple.
  3872 | D:5      | Found a sparkling altar of Nemelex Xobeh.
  4138 | D:5      | Found a radiant altar of Vehumet.
  4138 | D:5      | Found a hide-covered altar of Uskayaw.
  4206 | D:5      | Reached XP level 7. HP: 55/68 MP: 7/7
  5590 | D:6      | Reached **** piety under Trog
  5590 | D:6      | Reached XP level 8. HP: 68/79 MP: 8/8
  5825 | D:6      | You fall into a shaft and drop 2 floors!
  5848 | D:8      | Reached skill level 10 in Fighting
  5848 | D:8      | Reached skill level 1 in Bows
  5858 | D:8      | Reached skill level 3 in Bows
  5863 | D:8      | Reached skill level 4 in Bows
  6125 | D:7      | Found a sacrificial altar of Ru.
  6140 | D:7      | Reached skill level 5 in Bows
  6239 | D:7      | Found a blossoming altar of Fedhas.
  6429 | D:7      | Reached skill level 6 in Bows
  6685 | D:7      | Reached skill level 7 in Bows
  7375 | D:7      | Found a shattered altar of Ashenzari.
  7390 | D:7      | Reached skill level 8 in Bows
  7680 | D:7      | Found Doxkuat's Jewellery Shop.
  7720 | D:7      | Found a basalt altar of Yredelemnul.
  7720 | D:7      | Found a glowing golden altar of the Shining One.
  7720 | D:7      | Found a bloodstained altar of Trog.
  7721 | D:7      | Found an opulent altar of Gozag.
  7758 | D:7      | Found an iron altar of Okawaru.
  8188 | D:8      | Reached XP level 9. HP: 85/85 MP: 9/9
  8189 | D:8      | Reached skill level 9 in Bows
  8548 | D:8      | Reached skill level 10 in Bows
  8693 | D:8      | Reached skill level 11 in Bows
  8922 | D:8      | Received a gift from Trog
  9148 | D:8      | Found a hazy altar of Hepliaklqana.
  9710 | D:9      | Found a sparkling altar of Nemelex Xobeh.
  9717 | D:9      | Reached skill level 12 in Bows
  9962 | D:9      | Identified a scroll of acquirement
  9996 | D:9      | Found a staircase to the Lair.
 10013 | D:9      | Found a flagged portal.
 10046 | Bailey   | Entered a bailey
 10072 | Bailey   | Received a gift from Trog
 10541 | Bailey   | Reached skill level 13 in Bows
 10574 | Bailey   | Received a gift from Trog
 10586 | Bailey   | Reached ***** piety under Trog
 10600 | Bailey   | Noticed an orc knight
 10657 | Bailey   | Killed an orc knight
 10657 | Bailey   | Reached XP level 10. HP: 93/93 MP: 10/10
 11014 | D:9      | Received a gift from Trog
 11017 | D:9      | Found a roughly hewn altar of Beogh.
 11017 | D:9      | Found a staircase to the Orcish Mines.
 11051 | D:9      | Reached skill level 14 in Bows
 11978 | D:9      | Received a gift from Trog
 11983 | D:9      | Reached skill level 15 in Bows
 12495 | D:10     | Entered Level 10 of the Dungeon
 12588 | D:10     | Reached skill level 16 in Bows
 12654 | D:10     | Noticed a two-headed ogre
 12671 | D:10     | Killed a two-headed ogre
 12673 | D:10     | Received a gift from Trog
 13124 | D:10     | Found the +8 glaive of the Guard {elec, +Rage AC+5 SInv}
 13124 | D:10     | Noticed a deep troll
 13156 | D:10     | Killed a deep troll
 13156 | D:10     | Reached skill level 17 in Bows
 13156 | D:10     | Reached XP level 11. HP: 99/99 MP: 11/11
 13191 | D:10     | Identified the Tome of Ensnaring Transmutation
 13196 | D:10     | Identified Sif Muna's Catalogue of Lucky Enchantment
 13223 | D:10     | Received a gift from Trog
 13310 | D:10     | Noticed a deep troll
 13333 | D:10     | Killed a deep troll
 13632 | D:10     | Noticed an unseen horror
 13636 | D:10     | Killed an unseen horror
 13636 | D:10     | Reached skill level 18 in Bows
 14020 | D:11     | Noticed an unseen horror
 14024 | D:11     | Killed an unseen horror
 14406 | D:11     | Reached skill level 19 in Bows
 14524 | D:11     | Noticed a seven-headed hydra
 14534 | D:11     | Killed a seven-headed hydra
 14555 | D:11     | Noticed a purple ugly thing
 14563 | D:11     | Killed a purple ugly thing
 14587 | D:11     | Noticed Urug
 14610 | D:11     | Killed Urug
 15052 | Lair:1   | Entered Level 1 of the Lair of Beasts
 15054 | Lair:1   | Noticed an oklob plant
 15080 | Lair:1   | Killed an oklob plant
 15080 | Lair:1   | Reached skill level 20 in Bows
 15232 | Lair:1   | Noticed Grum
 15245 | Lair:1   | Killed Grum
 15245 | Lair:1   | Reached XP level 12. HP: 106/106 MP: 12/12
 15431 | Lair:1   | Found the +8 whip "Snakebite" {curare, rPois}
 15908 | Lair:1   | Noticed Harold
 15932 | Lair:1   | Killed Harold
 16319 | D:7      | Bought the ring "Xudo" {rElec rC+ rN+ MR+ Stlth+} for 592
                  | gold pieces
 16793 | Lair:2   | Noticed a five-headed hydra
 16799 | Lair:2   | Killed a five-headed hydra
 17204 | Lair:3   | Found a staircase to the Shoals.
 17638 | Lair:3   | Reached skill level 21 in Bows
 17972 | Lair:3   | Reached XP level 13. HP: 108/113 MP: 13/13
 18009 | Lair:3   | Reached skill level 1 in Evocations
 18111 | Lair:3   | Found a hole to the Spider Nest.
 18541 | Lair:4   | Found a gate leading to a gauntlet.
 18550 | Gauntlet | Entered a Gauntlet
 18550 | Gauntlet | Found a transporter.
 18550 | Gauntlet | Found a transporter.
 18550 | Gauntlet | Found a transporter.
 18551 | Gauntlet | Found a transporter.
 18555 | Gauntlet | Found a transporter.
 18555 | Gauntlet | Found a transporter.
 18560 | Gauntlet | Noticed a death ooze
 18562 | Gauntlet | Found a transporter.
 18564 | Gauntlet | Found a transporter.
 18566 | Gauntlet | Found a transporter.
 18567 | Gauntlet | Found a transporter.
 18570 | Gauntlet | Noticed a reaper
 18575 | Gauntlet | Found a transporter.
 18575 | Gauntlet | Found a transporter.
 18620 | Gauntlet | Found a runed translucent door.
 18782 | Gauntlet | Killed a death ooze
 18856 | Gauntlet | Received a gift from Trog
 18858 | Gauntlet | HP: 4/113 [small abomination (11)]
 18859 | Gauntlet | Mangled by a small abomination

Levels and vault maps discovered:
D:1:      sevenhm_arrival_forest_fort_small_6, layout_rooms,
          chequers_serial_rivers_small_a
D:2:      layout_loops_cross, serial_bayou, serial_bayou_shore_b,
          serial_bayou_crossing, serial_bayou_ford_a, serial_bayou_pond_c
D:3:      layout_basic, wander_ebering_terrifying_dragon_lair
D:4:      layout_loops_ring, lemuel_round_altar, marbit_many_paths, first_ration
D:5:      layout_basic, gammafunk_temple_overflow_elements, temple_fountains,
          nemelex_diamond_rough_becter
D:6:      minmay_general_purpose_star, layout_basic, minmay_crossroads
D:7:      layout_loops_cross, old_standard_altar,
          nicolae_ru_sacrificial_ziggurat,
          chequers_temple_overflow_statue_of_worship, lemuel_round_altar,
          fedhas_bush_and_centaur_altar, serial_shops, nicolae_shop_stone
D:8:      layout_basic, kennysheep_little_box, hangedman_little_slice_of_home
D:9:      layout_irregular_city, dpeg_oklobed_lair, david_orc_5, enter_bailey_7,
          serial_bayou_pond_d, nemelex_dance_club_becter
D:10:     minmay_the_grid_four_pointed_star
          [minmay_the_grid_triangle_9x9_skeleton,
          minmay_the_grid_triangle_9x9_zippers_horizontal,
          minmay_the_grid_triangle_9x9_alien,
          minmay_the_grid_triangle_9x9_cache,
          minmay_the_grid_prize_diamond_cup], layout_rooms
D:11:     layout_irregular_city, serial_rivers, chequers_serial_rivers_marsh,
          chequers_serial_rivers_room_b, chequers_serial_rivers_small_b,
          chequers_serial_rivers_micro_c, chequers_serial_rivers_small_b,
          chequers_serial_rivers_micro_e, uniq_urug
Lair:1:   layout_long_grid, serial_bayou_shore_a, minmay_lair_oklob_chamber,
          uniq_harold, uniq_grum
Lair:2:   layout_hall_layers
Lair:3:   layout_cave_pods, minmay_shoals_entry_centaurs,
          nicolae_spider_entry_tight_spaces, kennysheep_basilisk_garden,
          infiniplex_staircase_pool_2
Lair:4:   layout_regular_city, gauntlet_entry_generic, beast_lair_carwin_9
Gauntlet: minmay_gauntlet_mixed_big_or_small [nicolae_gauntlet_arena_t_cross,
          minmay_gauntlet_arena_77_chump_sandwich,
          nicolae_gauntlet_arena_quarters, minmay_gauntlet_arena_77_path,
          gammafunk_gauntlet_arena_teeth, minmay_gauntlet_arena_77_checkered,
          nicolae_gauntlet_exit_dead_adventurers]

Skill      XL: |  1  2  3  4  5  6  7  8  9 10 11 12 13 |
---------------+----------------------------------------+-----
Fighting       | 4 5 6 8 9 10 | 10.0
Bows           | 8 13 17 20 21 | 21.3
Armour         | 6 |  6.5
Evocations     | 2 |  2.5
Long Blades    | |  2.6
Dodging        | |  1.3

Action                   |  1- 3 |  4- 6 |  7- 9 | 10-12 | 13-15 || total
-------------------------+-------+-------+-------+-------+-------++-------
Melee: Falchion          |    77 |       |       |       |       ||    77
       Kick              |    10 |    43 |   126 |    58 |     2 ||   239
       Short sword       |     3 |   145 |   370 |     4 |       ||   522
       Halberd           |       |       |       |   220 |       ||   220
       Glaive            |       |       |       |    35 |    11 ||    46
 Fire: Longbow           |       |       |    53 |   271 |    37 ||   361
Invok: Berserk           |     2 |     1 |     9 |     4 |     1 ||    17
       Trog's Hand       |       |       |     1 |     3 |     1 ||     5
  Use: Scroll            |       |       |    18 |     7 |     1 ||    26
       Potion            |       |       |     1 |     1 |       ||     2
  Eat: Chunk             |     2 |     9 |    19 |    17 |     2 ||    49
       Ration            |       |       |     2 |     4 |       ||     6
Armor: Animal skin       |    13 |       |       |       |       ||    13
       Leather armour    |    30 |     3 |       |       |       ||    33
       Chain mail        |       |    64 |   162 |    17 |    47 ||   290
       Plate armour      |       |       |    34 |   234 |       ||   268
Dodge: Dodged            |    42 |    38 |    83 |    89 |    38 ||   290
Block: Buckler           |       |       |    21 |       |       ||    21
       Other             |       |       |       |     8 |       ||     8
       Rpst.: Falchion   |     8 |       |       |       |       ||     8

Table legend:
 A = Non-vault XP
 B = Vault XP
 C = Vault XP percentage of total XP
 D = Non-vault monster count
 E = Vault monster count
 F = Vault count percentage of total count
                 A         B        C        D         E       F
            +---------+---------+-------+---------+---------+-------
      Total |   19468 |   13054 |  40.1 |     245 |     116 |  32.1
            +---------+---------+-------+---------+---------+-------
        D:1 |      46 |       0 |   0.0 |      19 |       0 |   0.0
        D:2 |     189 |       0 |   0.0 |      12 |       0 |   0.0
        D:3 |     129 |       3 |   2.3 |      25 |       1 |   3.8
        D:4 |     189 |       1 |   0.5 |      11 |       1 |   8.3
        D:5 |     232 |       0 |   0.0 |      12 |       0 |   0.0
        D:6 |     790 |     128 |  13.9 |      18 |       4 |  18.2
        D:7 |     675 |     115 |  14.6 |      18 |       1 |   5.3
        D:8 |    1589 |     163 |   9.3 |      33 |       8 |  19.5
        D:9 |    2536 |     841 |  24.9 |      25 |      28 |  52.8
       D:10 |    3167 |    2854 |  47.4 |      24 |      15 |  38.5
       D:11 |    4986 |     851 |  14.6 |      27 |       1 |   3.6
     Lair:1 |    1275 |    2017 |  61.3 |       6 |       5 |  45.5
     Lair:2 |    1052 |       0 |   0.0 |       2 |       0 |   0.0
     Lair:3 |    2528 |    2961 |  53.9 |      12 |      14 |  53.8
     Lair:4 |      85 |       0 |   0.0 |       1 |       0 |   0.0
     Bailey |       0 |     884 | 100.0 |       0 |      34 | 100.0
   Gauntlet |       0 |    2236 | 100.0 |       0 |       4 | 100.0
            +---------+---------+-------+---------+---------+-------
